SNL (28 & UNDER)
BEAUMONT ROUGHNECKS @ SALEM SILVER SOULS
09/06/2026
 
TOP OF THE 1ST
New Hampshire Fisher Cats batting - Pitching for Salem Silver Souls : RHP Paul Miller
Pitching: RHP Paul Miller
Batting: RHB Franklin Lawrence 0-0: Called Strike
0-1: Swinging Strike
0-2: Strikes out swinging
Batting: RHB Michael Kent 0-0: Called Strike
0-1: Foul Ball, location: 2F
0-2: Foul Ball, location: 2F
0-2: Ball
1-2: Ball
2-2: Strikes out swinging
Batting: RHB Anthony Hezell 0-0: Ball
1-0: Called Strike
1-1: Ball
2-1: Ground out 3-1 (Groundball, 34S)
Top of the 1st over - 0 run(s), 0 hit(s), 0 error(s), 0 left on base; New Hampshire 0 - Salem 0
BOTTOM OF THE 1ST
Salem Silver Souls batting - Pitching for New Hampshire Fisher Cats : RHP Gustavo Rodríguez
Pitching: RHP Gustavo Rodríguez
Batting: LHB Nick Scott 0-0: Called Strike
0-1: Fly out, F9 (Flyball, 89M)
Batting: RHB Jack Snyder 0-0: Called Strike
0-1: Fly out, F9 (Flyball, 9LM)
Batting: LHB Ezechiele Bruno 0-0: Ball
1-0: Ball
2-0: SINGLE (Line Drive, 8LS)
Batting: LHB Millard Dye 0-0: Ball
1-0: Ball
2-0: Fielders Choice at 2nd, 6-4 (Groundball, 6)
Bottom of the 1st over - 0 run(s), 1 hit(s), 0 error(s), 0 left on base; New Hampshire 0 - Salem 0
TOP OF THE 2ND
New Hampshire Fisher Cats batting - Pitching for Salem Silver Souls : RHP Paul Miller
Batting: LHB Cam Flowers 0-0: Ball
1-0: Swinging Strike
1-1: Ball
2-1: Called Strike
2-2: Foul Ball, location: 2F
2-2: Foul Ball, location: 2F
2-2: Strikes out swinging
Batting: RHB Felipe Rivas 0-0: Ball
1-0: Fly out, F9 (Flyball, 9S)
Batting: RHB Si-xun Li 0-0: Ground out 6-3 (Groundball, 6)
Top of the 2nd over - 0 run(s), 0 hit(s), 0 error(s), 0 left on base; New Hampshire 0 - Salem 0
BOTTOM OF THE 2ND
Salem Silver Souls batting - Pitching for New Hampshire Fisher Cats : RHP Gustavo Rodríguez
Batting: LHB Raúl Cordero 0-0: Called Strike
0-1: Ball
1-1: Ball
2-1: Foul Ball, location: 2F
2-2: Ball
3-2: Foul Ball, location: 2F
3-2: Base on Balls
Batting: RHB Gabriel Miranda 0-0: SINGLE (Line Drive, 4MD)
Raúl Cordero to second
Batting: RHB Gustavo Pagán 0-0: Foul Ball, location: 2F
0-1: Fly out, F9 (Flyball, 89M)
Batting: RHB Augusto Baiano 0-0: Swinging Strike
0-1: Swinging Strike
0-2: Ball
1-2: Ball
2-2: Foul Ball, location: 2F
2-2: Strikes out looking
Batting: RHB Willie Houk 0-0: Swinging Strike
0-1: Ball
1-1: Called Strike
1-2: Ball
2-2: Foul Ball, location: 2F
2-2: Fly out, F7 (Flyball, 7D)
Bottom of the 2nd over - 0 run(s), 1 hit(s), 0 error(s), 2 left on base; New Hampshire 0 - Salem 0
TOP OF THE 3RD
New Hampshire Fisher Cats batting - Pitching for Salem Silver Souls : RHP Paul Miller
Batting: RHB Darwin Crane 0-0: Ball
1-0: Swinging Strike
1-1: Foul Ball, location: 2F
1-2: Ball
2-2: Ground out 5-3 (Groundball, 5)
Batting: LHB Tony Rivera 0-0: Ball
1-0: Ball
2-0: Ball
3-0: Base on Balls
Batting: SHB Keith Gratton 0-0: Ball
1-0: Called Strike
1-1: Grounds into double play, 5-4-3 (Groundball, 5)
Top of the 3rd over - 0 run(s), 0 hit(s), 0 error(s), 0 left on base; New Hampshire 0 - Salem 0
BOTTOM OF THE 3RD
Salem Silver Souls batting - Pitching for New Hampshire Fisher Cats : RHP Gustavo Rodríguez
Batting: LHB Nick Scott 0-0: Called Strike
0-1: Foul Ball, location: 2F
0-2: Strikes out looking
Batting: RHB Jack Snyder 0-0: Swinging Strike
0-1: Swinging Strike
0-2: Strikes out swinging
Batting: LHB Ezechiele Bruno 0-0: Ball
1-0: Called Strike
1-1: Ball
2-1: Called Strike
2-2: Foul Ball, location: 2F
2-2: Ball
3-2: Fly out, F6 (Popup, 6D)
Bottom of the 3rd over - 0 run(s), 0 hit(s), 0 error(s), 0 left on base; New Hampshire 0 - Salem 0
TOP OF THE 4TH
New Hampshire Fisher Cats batting - Pitching for Salem Silver Souls : RHP Paul Miller
Batting: RHB Franklin Lawrence 0-0: Ground out 4-3 (Groundball, 4)
Batting: RHB Michael Kent 0-0: Ball
1-0: Ball
2-0: Foul Ball, location: 2F
2-1: Ground out 5-3 (Groundball, 5)
Batting: RHB Anthony Hezell 0-0: Ball
1-0: Ball
2-0: Fly out, F9 (Flyball, 89M)
Top of the 4th over - 0 run(s), 0 hit(s), 0 error(s), 0 left on base; New Hampshire 0 - Salem 0
BOTTOM OF THE 4TH
Salem Silver Souls batting - Pitching for New Hampshire Fisher Cats : RHP Gustavo Rodríguez
Batting: LHB Millard Dye 0-0: Ground out U3 (Groundball, 3L)
Batting: LHB Raúl Cordero 0-0: Ground out 4-3 (Groundball, 4)
Batting: RHB Gabriel Miranda 0-0: Ball
1-0: Called Strike
1-1: Ball
2-1: Ball
3-1: Base on Balls
Batting: RHB Gustavo Pagán 0-0: Called Strike
0-1: Called Strike
0-2: Ball
1-2: DOUBLE (Line Drive, 7LD)
Gabriel Miranda to third
Batting: RHB Augusto Baiano 0-0: Fly out, F8 (Flyball, 8RM)
Bottom of the 4th over - 0 run(s), 1 hit(s), 0 error(s), 2 left on base; New Hampshire 0 - Salem 0
TOP OF THE 5TH
New Hampshire Fisher Cats batting - Pitching for Salem Silver Souls : RHP Paul Miller
Batting: LHB Cam Flowers 0-0: Called Strike
0-1: Swinging Strike
0-2: Strikes out swinging
Batting: RHB Felipe Rivas 0-0: Called Strike
0-1: Ball
1-1: Ball
2-1: Foul Ball, location: 2F
2-2: Strikes out swinging
Batting: RHB Si-xun Li 0-0: Swinging Strike
0-1: Swinging Strike
0-2: Strikes out swinging
Top of the 5th over - 0 run(s), 0 hit(s), 0 error(s), 0 left on base; New Hampshire 0 - Salem 0
BOTTOM OF THE 5TH
Salem Silver Souls batting - Pitching for New Hampshire Fisher Cats : RHP Gustavo Rodríguez
Batting: RHB Willie Houk 0-0: Foul Ball, location: 2F
0-1: Foul Ball, location: 2F
0-2: Foul Ball, location: 2F
0-2: Ground out 6-3 (Groundball, 6M)
Batting: LHB Nick Scott 0-0: Bunt for hit - play at first, batter safe!
Batting: RHB Jack Snyder 0-0: Ball
1-0: Ball
2-0: Called Strike
2-1: Foul Ball, location: 2F
2-2: SINGLE (Line Drive, 9S)
Nick Scott to second
Batting: LHB Ezechiele Bruno 0-0: Ball
1-0: Called Strike
1-1: Foul Ball, location: 2F
1-2: Ball
2-2: Ball
3-2: SINGLE (Groundball, 4M)
Nick Scott to third
Jack Snyder to second
Runner from 3rd tries for Home, SAFE, no throw or cutoff
Batting: LHB Millard Dye 0-0: Ball
1-0: Ball
2-0: Ground out 5-3 (Groundball, 56S)
Jack Snyder to third
Ezechiele Bruno to second
Batting: LHB Raúl Cordero 0-0: Foul Ball, location: 2F
0-1: 3-RUN HOME RUN (Flyball, 9D), Distance : 376 ft
Batting: RHB Gabriel Miranda 0-0: Ball
1-0: Foul Ball, location: 2F
1-1: Swinging Strike
1-2: Fly out, F9 (Flyball, 89D)
Bottom of the 5th over - 4 run(s), 4 hit(s), 0 error(s), 0 left on base; New Hampshire 0 - Salem 4
TOP OF THE 6TH
New Hampshire Fisher Cats batting - Pitching for Salem Silver Souls : RHP Paul Miller
Batting: RHB Darwin Crane 0-0: Called Strike
0-1: Ball
1-1: Ball
2-1: Called Strike
2-2: Ball
3-2: Fly out, F7 (Flyball, 78M)
Batting: LHB Tony Rivera 0-0: Swinging Strike
0-1: Ball
1-1: Foul Ball, location: 2F
1-2: Ball
2-2: Ball
3-2: Fly out, F5 (Line Drive, 56)
Batting: SHB Keith Gratton 0-0: Called Strike
0-1: Fly out, F8 (Flyball, 8RM)
Top of the 6th over - 0 run(s), 0 hit(s), 0 error(s), 0 left on base; New Hampshire 0 - Salem 4
BOTTOM OF THE 6TH
Salem Silver Souls batting - Pitching for New Hampshire Fisher Cats : RHP Gustavo Rodríguez
Pitching: RHP Troy Bannon
Batting: RHB Gustavo Pagán 0-0: Swinging Strike
0-1: Called Strike
0-2: Ball
1-2: Foul Ball, location: 2F
1-2: Ball
2-2: Ball
3-2: Strikes out swinging
Batting: RHB Augusto Baiano 0-0: Ball
1-0: Ground out 5-3 (Groundball, 56)
Batting: RHB Willie Houk 0-0: Ball
1-0: Ball
2-0: Foul Ball, location: 2F
2-1: Ball
3-1: Foul Ball, location: 2F
3-2: Ground out 1-3 (Groundball, 13S)
Bottom of the 6th over - 0 run(s), 0 hit(s), 0 error(s), 0 left on base; New Hampshire 0 - Salem 4
TOP OF THE 7TH
New Hampshire Fisher Cats batting - Pitching for Salem Silver Souls : RHP Paul Miller
Batting: RHB Franklin Lawrence 0-0: Fly out, F3 (Popup, 4)
Batting: RHB Michael Kent 0-0: Ball
1-0: Ball
2-0: Called Strike
2-1: Ball
3-1: Fly out, F1 (Line Drive, 13)
Batting: RHB Anthony Hezell 0-0: Ball
1-0: SINGLE (Groundball, 56D)
Batting: LHB Cam Flowers 0-0: Ball
Anthony Hezell is caught stealing 2nd base
Top of the 7th over - 0 run(s), 1 hit(s), 0 error(s), 0 left on base; New Hampshire 0 - Salem 4
BOTTOM OF THE 7TH
Salem Silver Souls batting - Pitching for New Hampshire Fisher Cats : RHP Troy Bannon
Batting: LHB Nick Scott 0-0: Swinging Strike
0-1: Called Strike
0-2: Ball
1-2: Ball
2-2: Fly out, F7 (Popup, 5D)
Batting: RHB Jack Snyder 0-0: Ball
1-0: Ball
2-0: Foul Ball, location: 2F
2-1: Ground out 6-3 (Groundball, 6)
Batting: LHB Ezechiele Bruno 0-0: Fly out, F8 (Flyball, 8LXD)
Bottom of the 7th over - 0 run(s), 0 hit(s), 0 error(s), 0 left on base; New Hampshire 0 - Salem 4
TOP OF THE 8TH
New Hampshire Fisher Cats batting - Pitching for Salem Silver Souls : RHP Paul Miller
Batting: LHB Cam Flowers 0-0: Called Strike
0-1: Ground out 4-3 (Groundball, 4)
Batting: RHB Felipe Rivas 0-0: Ball
1-0: Foul Ball, location: 2F
1-1: Foul Ball, location: 2F
1-2: Fly out, F8 (Flyball, 8LM)
Batting: RHB Si-xun Li 0-0: Ball
1-0: Foul Ball, location: 2F
1-1: Swinging Strike
1-2: Strikes out swinging
Top of the 8th over - 0 run(s), 0 hit(s), 0 error(s), 0 left on base; New Hampshire 0 - Salem 4
BOTTOM OF THE 8TH
Salem Silver Souls batting - Pitching for New Hampshire Fisher Cats : RHP Troy Bannon
Pitching: RHP Dave Hammond
Batting: LHB Millard Dye 0-0: Hit by Pitch
Batting: LHB Raúl Cordero 0-0: DOUBLE (Line Drive, 78D)
Millard Dye to third
Batting: RHB Gabriel Miranda 0-0: Called Strike
0-1: Ball
1-1: Swinging Strike
1-2: Ground out 5-3 (Groundball, 56)
Millard Dye scores
Batting: RHB Gustavo Pagán 0-0: Ball
1-0: Called Strike
Passed Ball!
Raúl Cordero to third
1-1: Foul Ball, location: 2F
1-2: Strikes out swinging
Batting: RHB Augusto Baiano 0-0: Ball
1-0: Foul Ball, location: 2F
1-1: SINGLE (Flyball, 8LS)
Raúl Cordero scores
Pitching: LHP David Richardson
Batting: RHB Willie Houk 0-0: Swinging Strike
0-1: Foul Ball, location: 2F
0-2: Strikes out looking
Bottom of the 8th over - 2 run(s), 2 hit(s), 0 error(s), 1 left on base; New Hampshire 0 - Salem 6
TOP OF THE 9TH
New Hampshire Fisher Cats batting - Pitching for Salem Silver Souls : RHP Paul Miller
Pitching: RHP Jeff Hansen
Batting: RHB Darwin Crane 0-0: Called Strike
0-1: Ball
1-1: Ball
2-1: Called Strike
2-2: Strikes out looking
Batting: LHB Tony Rivera 0-0: Ball
1-0: Foul Ball, location: 2F
1-1: Ground out 5-3 (Groundball, 5D)
Batting: SHB Keith Gratton 0-0: Ball
1-0: Ball
2-0: Ball
3-0: Called Strike
3-1: Called Strike
3-2: Base on Balls
Batting: RHB Franklin Lawrence 0-0: Ground out U3 (Groundball, 3S)
Top of the 9th over - 0 run(s), 0 hit(s), 0 error(s), 1 left on base; New Hampshire 0 - Salem 6
Monday, December 5th, 2016 - OOTP Baseball 17.12 Build 75